AoeStats
← IDWARE21

Arabia

510221512Analyzed
3v3 RM · 2d ago on Sep 30, 2026· 33m 30s· 6 players
Game mode
Random Map
Map size
Normal (6 player)
Population
200
Speed
Normal
Resources
Standard
Victory
Conquest
Starting age
Dark Age
Ending age
Imperial Age
RankedLock teamsTeams togetherTeam positionsShared explorationLock speedFull tech treeHidden civsTurbo modeCheats
Victory
Defeat
🇺🇸 Bulgarians · United States
1541
+8
🇺🇸 Georgians · United States
1445
+11
🇺🇸 Franks · United States
1428
+11
🇺🇸 Magyars · United States
1375
-11
🇺🇸 Malians · United States
1326
-10
🇦🇺 Turks · Australia
1291
-9
The Symb0l
9:27 Feudal Age
8:25 Loom
9:59 Double-Bit Axe
25:20 Castle Age
23:37 Fletching
23:38 Horse Collar
24:57 Scale Barding Armor
25:21 Padded Archer Armor
26:01 Bloodlines
26:25 Husbandry
27:41 Ballistics
28:19 Bodkin Arrow
IDWARE21
6:14 Loom
9:39 Feudal Age
10:26 Double-Bit Axe
11:00 Horse Collar
15:39 Scale Barding Armor
16:24 Forging
17:28 Bloodlines
20:27 Fletching
25:09 Castle Age
25:01 Gold Mining
25:55 Husbandry
26:18 Bow Saw
27:07 Chain Barding Armor
27:55 Iron Casting
ObelusCipher
6:56 Loom
9:17 Feudal Age
10:35 Double-Bit Axe
21:25 Castle Age
19:42 Gold Mining
19:46 Fletching
19:53 Horse Collar
21:03 Bloodlines
22:05 Bodkin Arrow
23:21 Bow Saw
27:55 Padded Archer Armor
27:57 Husbandry
dvorakkrazy
8:59 Feudal Age
8:37 Loom
9:30 Double-Bit Axe
12:37 Horse Collar
18:56 Bloodlines
23:09 Castle Age
21:37 Gold Mining
22:14 Fletching
24:07 Bow Saw
24:14 Husbandry
24:10 Bodkin Arrow
25:42 Wheelbarrow
25:14 Thumb Ring
25:44 Ballistics
25:35 Padded Archer Armor
30:19 Hand Cart
Play_the_Puck
6:02 Loom
9:10 Feudal Age
9:52 Double-Bit Axe
17:50 Wheelbarrow
23:28 Castle Age
21:36 Scale Barding Armor
22:21 Forging
22:17 Gold Mining
23:39 Light Cavalry
24:42 Chain Barding Armor
24:55 Husbandry
25:34 Bow Saw
28:43 Iron Casting
29:17 Hand Cart
30:27 Fletching
Wonderphil
5:50 Loom
9:42 Feudal Age
10:21 Double-Bit Axe
17:40 Bloodlines
21:01 Wheelbarrow
24:45 Castle Age
23:28 Scale Barding Armor
23:34 Forging
24:44 Gold Mining
24:37 Horse Collar
25:27 Husbandry
25:49 Chain Barding Armor
26:05 Iron Casting
30:30 Bow Saw
Connection lost

Rejoining the realm…

Still unreachable

The connection could not be restored.

Session expired

The server has moved on; the page needs a fresh start.